 Dungeon Crawl Stone Soup version 0.25-a0-366-g516bc45ae0 (webtiles) character file.

Game seed: 14884522366097151420, levelgen mode: deterministic

1406914 bmfx the Ogre Mage (level 27, 232/232 HPs)
             Began as an Ogre Enchanter on Jan 3, 2020.
             Was the Champion of Vehumet.
             Escaped with the Orb
             ... and 3 runes on Jan 6, 2020!
             The game lasted 06:00:46 (146492 turns).

bmfx the Ogre Mage (Ogre Enchanter)               Turns: 146492, Time: 06:00:47

Health: 232/232    AC: 11    Str: 22    XL:     27
Magic:  58/58      EV: 14    Int: 36    God:    Vehumet [******]
Gold:   3935       SH: 29    Dex:  9    Spells: 15/71 levels left

rFire    + + +     SeeInvis +   b - staff of conjuration {!a}
rCold    + + +     Gourm    +   j - +5 large shield of Leaves {MR+ rCorr Int+3}
rNeg     . . .     Faith    .   q - +2 robe {rF+}
rPois    .         Spirit   .   V - +1 hat of Altruism {Str+2 Dex+4}
rElec    +         Reflect  .   W - +1 cloak of the Boiling Point {rC++ MP+9 Dex-4}
rCorr    +         Harm     .   (gloves unavailable)
MR       +++..                  (boots unavailable)
Stlth    +.........             t - amulet "Acetumu" {Gourm rF+ rC+ Int+4 SInv}
HPRegen  0.48/turn              L - ring of Beorph {rElec rF+ rCorr SInv Stlth-}
MPRegen  0.36/turn              f - +4 ring of intelligence

@: deflect missiles
A: large, unfitting armour, antennae 1, large bone plates 1, yellow scales 1,
frail 2, tough skin 1, MP-powered wands
0: Orb of Zot
}: 3/15 runes: decaying, silver, gossamer
a: Renounce Religion


You escaped.
You worshipped Vehumet.
Vehumet was exalted by your worship.
You were not hungry.

You visited 11 branches of the dungeon, and saw 53 of its levels.
You visited the Abyss 1 time.
You visited 1 ziggurat, and saw 16 of its levels.
You also visited: Trove, Ossuary and Gauntlet.

You collected 8401 gold pieces.
You spent 4466 gold pieces at shops.


Innate Abilities, Weirdness & Mutations

You are too large for most types of armour.
You have tough skin. (AC +1)
You have a pair of small antennae on your head.
You are partially covered in large bone plates. (SH +4)
You are partially covered in yellow scales. (AC +2)
You are very frail. (-20% HP)
You expend magic power (3 MP) to strengthen your wands.

Dungeon Overview and Level Annotations

Branches:
Dungeon (15/15)            Temple (1/1) D:4            Lair (6/6) D:11
  Swamp (4/4) Lair:2       Spider (4/4) Lair:2        Slime (0/5) Lair:5
    Orc (2/2) D:10            Elf (3/3) Orc:2        Vaults (5/5) D:14
  Crypt (3/3) Vaults:2       Tomb (0/3) Crypt:3      Depths (5/5) D:15
    Zot (5/5) Depths:5    Ossuary (visited)         Gauntlet (visited)

Altars:
Ashenzari
Cheibriados
Dithmenos
Elyvilon
Fedhas
Gozag
Hepliaklqana
Kikubaaqudgha
Makhleb
Nemelex Xobeh
Okawaru
Qazlal
Ru
Sif Muna
Trog
Uskayaw
Vehumet
Wu Jian
Xom
Yredelemnul
Zin
The Shining One
Beogh
Lugonu

Shops:
D:9 *   D:10 *   D:11 (   D:12 =   Orc:1 *   Orc:2 [[[:   Elf:1 *   Vaults:2 !
Vaults:5 !!%(   Depths:2 :   Depths:4 *

Portals:
Hell: Lair:6 Depths:1 Depths:2 Depths:3 Depths:4 Depths:5
Abyss: Depths:4
Pandemonium: Depths:1 Depths:3


   Skills:
 - Level 20.2 Fighting
 - Level 8.0 Short Blades
 - Level 11.6 Armour
 - Level 10.0 Dodging
 - Level 8.0 Stealth
 - Level 15.0 Shields
 - Level 22.6 Spellcasting
 - Level 21.5 Conjurations
 - Level 8.0 Hexes
 - Level 5.1 Summonings
 - Level 8.0 Translocations
 - Level 21.5 Fire Magic
 * Level 19.8 Ice Magic
 - Level 15.0 Air Magic
 - Level 8.0 Evocations


You had 15 spell levels left.
You knew the following spells:

 Your Spells              Type           Power        Failure   Level  Hunger
a - Apportation           Tloc           ######       1%          1    None
b - Blink                 Tloc           N/A          1%          2    None
m - Deflect Missiles      Chrm/Air       #######...   4%          6    None
A - Fireball              Conj/Fire      ########..   0%          5    None
B - Fire Storm            Conj/Fire      ########..   2%          9    ####...
C - Confuse               Hex            #######.     1%          3    None
D - Chain Lightning       Conj/Air       ########..   1%          8    ##.....
E - Summon Lightning Spi  Summ/Air       #######.     1%          4    None
F - Glaciate              Conj/Ice       ########..   3%          9    ####...
G - Airstrike             Air            #######...   0%          4    None
H - Iskenderun's Mystic   Conj/Tloc      ########     0%          4    None
J - Confusing Touch       Hex            ######       1%          1    None

Your spell library contained the following spells:

 Spells                   Type           Power        Failure   Level  Hunger
 Foxfire                  Conj/Fire      ####         0%          1    None
 Freeze                   Ice            ####         0%          1    None
 Shock                    Conj/Air       ####         0%          1    None
 Ensorcelled Hibernation  Hex/Ice        ######       0%          2    None
 Conjure Flame            Conj/Fire      ########     0%          3    None
 Dazzling Flash           Conj/Hex       ######       0%          3    None
 Mephitic Cloud           Conj/Pois/Air  ########     0%          3    None
 Static Discharge         Conj/Air       ########     0%          3    None
 Fulminant Prism          Conj/Hex       ########..   0%          4    None
 Hailstorm                Conj/Ice       ########     0%          4    None
 Sticky Flame             Conj/Fire      ########     0%          4    None
 Lightning Bolt           Conj/Air       ########..   0%          5    None
 Beastly Appendage        Tmut           #####.       1%          1    None
 Corona                   Hex            #######      1%          1    None
 Pain                     Necr           ####         1%          1    None
 Sting                    Tmut/Pois      ####         1%          1    None
 Summon Butterflies       Summ           ######..     1%          1    None
 Summon Small Mammal      Summ           ####         1%          1    None
 Call Imp                 Summ           ######..     1%          2    None
 Corpse Rot               Necr/Air       N/A          1%          2    None
 Passwall                 Tmut/Erth      #####...     1%          2    None
 Poisonous Vapours        Pois/Air       ######       1%          2    None
 Shroud of Golubria       Chrm/Tloc      ######       1%          2    None
 Slow                     Hex            #######.     1%          2    None
 Sticks to Snakes         Tmut           #####...     1%          2    None
 Sublimation of Blood     Necr           #####.....   1%          2    None
 Swiftness                Chrm/Air       #######.     1%          2    None
 Call Canine Familiar     Summ           ######..     1%          3    None
 Gell's Gravitas          Tloc           #######...   1%          3    None
 Ignite Poison            Fire/Tmut/Pois #######.     1%          3    None
 Lesser Beckoning         Tloc           #######...   1%          3    None
 Ozocubu's Armour         Chrm/Ice       #######.     1%          3    None
 Portal Projectile        Hex/Tloc       ######       1%          3    None
 Recall                   Summ/Tloc      N/A          1%          3    None
 Spectral Weapon          Hex/Chrm       ######..     1%          3    None
 Spider Form              Tmut/Pois      #####.....   1%          3    None
 Summon Guardian Golem    Hex/Summ       ######..     1%          3    None
 Teleport Other           Tloc           #######.     1%          3    None
 Tukima's Dance           Hex            #######.     1%          3    None
 Cause Fear               Hex            #######...   1%          4    None
 Ice Form                 Ice/Tmut       #######.     1%          4    None
 Leda's Liquefaction      Hex/Erth       ######....   1%          4    None
 Olgreb's Toxic Radiance  Pois           #####...     1%          4    None
 Summon Ice Beast         Ice/Summ       #######.     1%          4    None
 Bolt of Magma            Conj/Fire/Erth ########..   1%          5    None
 Irradiate                Conj/Tmut      ########..   1%          5    None
 Metabolic Englaciation   Hex/Ice        #######...   1%          5    None
 Silence                  Hex/Air        #######...   1%          5    None
 Summon Forest            Summ/Tloc      ######....   1%          5    None
 Summon Mana Viper        Hex/Summ       ######..     1%          5    None
 Yara's Violent Unravell  Hex/Tmut       ######....   1%          5    None
 Conjure Ball Lightning   Conj/Air       ########..   1%          6    None
 Freezing Cloud           Conj/Ice/Air   ########..   1%          6    None
 Iron Shot                Conj/Erth      ########..   1%          6    None
 Ozocubu's Refrigeration  Ice            ########..   1%          6    None
 Simulacrum               Ice/Necr       #######...   1%          6    None
 Aura of Abjuration       Summ           ######....   2%          5    None
 Summon Demon             Summ           ######....   2%          5    None
 Darkness                 Hex            #######...   3%          6    None
 Dispersal                Tloc           #######...   3%          6    None
 Invisibility             Hex            #######.     3%          6    None
 Lee's Rapid Deconstruct  Erth           #####.....   5%          5    None
 Animate Dead             Necr           N/A          6%          4    None
 Petrify                  Tmut/Erth      #####...     6%          4    None
 Ring of Flames           Chrm/Fire      #######...   6%          7    None
 Shadow Creatures         Summ           N/A          12%         6    None
 Lehudib's Crystal Spear  Conj/Erth      ########..   13%         8    ##.....
 Alistair's Intoxication  Tmut/Pois      #####...     19%         5    None
 Blade Hands              Tmut           #####.....   19%         5    None
 Borgnjor's Vile Clutch   Necr/Erth      #####.....   19%         5    None
 Tornado                  Air            #######...   32%         9    ####...
 Summon Hydra             Summ           ######....   54%         7    None
 Death Channel            Necr           #####.....   69%         6    None
 Eringya's Noxious Bog    Tmut/Pois      #####.....   69%         6    None
 Hydra Form               Tmut           #####.....   69%         6    None
 Statue Form              Tmut/Erth      #####....    69%         6    None
 Discord                  Hex            #######...   83%         8    ##.....
 Controlled Blink         Tloc           N/A          85%         8    ##.....
 Disjunction              Tloc           #######...   85%         8    ##.....
 Dragon Form              Tmut           #####.....   99%         7    None
 Shatter                  Erth           #####.....   100%        9    ####...
 Passage of Golubria      Tloc           Unusable     N/A         4    N/A

Action                   |  1- 3 |  4- 6 |  7- 9 | 10-12 | 13-15 | 16-18 | 19-21 | 22-24 | 25-27 || total
-------------------------+-------+-------+-------+-------+-------+-------+-------+-------+-------++-------
Melee: Dagger            |    94 |   278 |   470 |   547 |   831 |   442 |   126 |       |     1 ||  2789
       Double sword      |       |       |       |       |       |       |    27 |     8 |    84 ||   119
       Staff             |       |       |       |       |       |       |     1 |       |       ||     1
Throw: Dart              |       |    19 |    24 |    49 |    55 |     4 |       |       |       ||   151
       Javelin           |       |       |       |     3 |       |       |       |       |       ||     3
 Cast: Corona            |    21 |     1 |       |     2 |     1 |       |       |       |       ||    25
       Ensorcelled Hiber |    13 |    23 |    83 |   254 |   224 |    60 |     2 |       |       ||   659
       Confuse           |     1 |    26 |    90 |    92 |    48 |    25 |     2 |       |     1 ||   285
       Tukima's Dance    |       |       |    16 |     3 |    19 |    13 |       |       |       ||    51
       Foxfire           |       |       |       |    47 |    21 |       |       |       |       ||    68
       Confusing Touch   |       |       |       |     2 |    43 |    22 |     5 |       |       ||    72
       Airstrike         |       |       |       |       |   267 |   952 |   474 |   364 |    30 ||  2087
       Lightning Bolt    |       |       |       |       |     8 |    90 |   416 |    53 |     8 ||   575
       Summon Lightning  |       |       |       |       |    14 |   115 |   115 |    35 |     4 ||   283
       Iskenderun's Myst |       |       |       |       |     2 |     2 |       |     1 |     1 ||     6
       Fireball          |       |       |       |       |       |    22 |    16 |     1 |    20 ||    59
       Blink             |       |       |       |       |       |     5 |     2 |       |     4 ||    11
       Spellforged Servi |       |       |       |       |       |       |     8 |     1 |       ||     9
       Chain Lightning   |       |       |       |       |       |       |       |   330 |   446 ||   776
       Deflect Missiles  |       |       |       |       |       |       |       |     1 |     7 ||     8
       Fire Storm        |       |       |       |       |       |       |       |       |   499 ||   499
       Glaciate          |       |       |       |       |       |       |       |       |    37 ||    37
       Apportation       |       |       |       |       |       |       |       |       |     2 ||     2
Evoke: Wand              |       |       |     8 |    19 |    42 |    41 |    21 |     1 |    38 ||   170
       Lamp of fire      |       |       |       |       |     1 |     2 |     1 |     2 |     4 ||    10
       Lightning rod     |       |       |       |       |       |       |       |     4 |     9 ||    13
       Phantom mirror    |       |       |       |       |       |       |       |       |     1 ||     1
  Use: Scroll            |     2 |     5 |     9 |     8 |    18 |    13 |     4 |    17 |    43 ||   119
       Potion            |       |       |     2 |       |     8 |     7 |     2 |       |    51 ||    70
 Stab: Sleeping          |    16 |    17 |    45 |   135 |   129 |    44 |     1 |       |     1 ||   388
       Confused          |       |    13 |    35 |    39 |    59 |    25 |       |       |       ||   171
       Paralysed         |       |       |       |     9 |    13 |       |     7 |       |     4 ||    33
       Distracted        |       |       |       |       |       |     3 |     3 |       |       ||     6
       Invisible         |       |       |       |       |       |     4 |       |       |     4 ||     8
  Eat: Chunk             |     7 |     7 |    18 |    43 |    34 |    37 |    47 |    26 |   137 ||   356
       Ration            |       |     2 |     5 |     2 |    10 |    15 |     7 |    10 |    20 ||    71
Armor: Robe              |    39 |    48 |    52 |    43 |    27 |       |     8 |   129 |   199 ||   545
       Acid dragon scale |       |       |       |       |    93 |   143 |       |       |       ||   236
       Swamp dragon scal |       |       |       |       |       |    13 |    19 |       |       ||    32
Dodge: Dodged            |    65 |    98 |   292 |   417 |   328 |   433 |   120 |    85 |   173 ||  2011
       Deflected         |       |       |       |       |       |       |       |    28 |    51 ||    79
Block: Shield            |       |       |       |    10 |   324 |   303 |       |       |       ||   637
       Large shield      |       |       |       |       |       |    20 |   266 |   198 |   462 ||   946
       Rpst.: Double sword |       |       |       |       |       |       |     1 |     3 |     6 ||    10

Skill      XL: |  1  2  3  4  5  6  7  8  9 10 11 12 13 14 15 16 17 18 19 20 21 22 23 24 25 26 27 |
---------------+----------------------------------------------------------------------------------+-----
Short Blades   | 1 2 3 4 6 8 |  8.0
Fighting       | 1 2 3 4 5 6 7 10 12 15 20 | 20.2
Hexes          | 3 4 5 6 8 |  8.0
Spellcasting   | 3 4 5 8 10 11 13 15 22 | 22.6
Stealth        | 3 4 8 |  8.0
Evocations     | 2 6 8 |  8.0
Conjurations   | 7 8 10 13 16 19 20 21 | 21.5
Fire Magic     | 3 9 13 17 20 21 | 21.5
Shields        | 5 9 10 14 15 | 15.0
Air Magic      | 1 8 10 12 14 15 | 15.0
Armour         | 4 11 | 11.6
Summonings     | 3 4 5 |  5.1
Dodging        | 4 6 8 10 | 10.0
Translocations | 4 8 |  8.0
Ice Magic      | 19 | 19.8

Inventory:

Hand Weapons
 a - the +9 double sword of Action {slice, Str+4}
   (You took it off an orc warlord on level 2 of the Vaults)

   It inflicts extra damage upon your enemies.
   It affects your strength (+4).
 r - the +2 dagger of the New World {pierce, *Rage +Blink MR+ Int+6}
   (You found it on level 2 of the Depths)

   It inflicts extra damage upon your enemies.
   It affects your intelligence (+6).
   It affects your resistance to hostile enchantments.
   It lets you blink.
   It may make you go berserk in combat.
Missiles
 G - 5 throwing nets (quivered) {!f}
Armour
 j - the +5 large shield of Leaves (worn) {MR+ rCorr Int+3}
   (You acquired it on level 5 of the Realm of Zot)

   It affects your intelligence (+3).
   It affects your resistance to hostile enchantments.
   It provides partial protection from all sources of acid and corrosion.
 q - a +2 robe of fire resistance (worn)
 T - the +1 robe of Generosity {-Tele rC+++ Str-4 Int+6}
   (You took it off a deep elf demonologist on level 3 of the Elven Halls)

   It affects your strength (-4).
   It affects your intelligence (+6).
   It renders you almost immune to cold.
   It prevents most forms of teleportation.
 V - the +1 hat of Altruism (worn) {Str+2 Dex+4}
   (You found it on level 2 of the Vaults)

   It affects your strength (+2).
   It affects your dexterity (+4).
 W - the +1 cloak of the Boiling Point (worn) {rC++ MP+9 Dex-4}
   (You bought it in a shop on level 1 of the Elven Halls)

   It affects your dexterity (-4).
   It greatly protects you from cold.
   It affects your magic capacity (+9).
Magical Staves
 b - an uncursed staff of conjuration (weapon) {!a}
 w - an uncursed staff of energy {!a}
 O - an uncursed staff of fire
Jewellery
 f - a +4 ring of intelligence (right hand)
 i - the ring "Imeshono" {Wiz MR+}
   (You found it on level 2 of the Depths)

   [ring of wizardry]

   It improves your spell success rate.
   It affects your resistance to hostile enchantments.
 t - the amulet "Acetumu" (around neck) {Gourm rF+ rC+ Int+4 SInv}
   (You took it off a spriggan defender on level 5 of the Depths)

   [amulet of the gourmand]

   It allows you to eat raw meat even when not hungry.
   It affects your intelligence (+4).
   It protects you from fire.
   It protects you from cold.
   It lets you see invisible.
 x - the ring "Xeeret" {Wiz rElec}
   (You found it on level 3 of the Swamp)

   [ring of wizardry]

   It improves your spell success rate.
   It insulates you from electricity.
 y - a +5 ring of evasion
 z - the ring of the Will of the Gods {rN+++ Stlth+}
   (You found it in a treasure trove)

   [ring of stealth]

   It renders you almost immune to negative energy.
   It makes you more stealthy.
 B - a +5 ring of evasion
 E - an uncursed ring of poison resistance
 H - the amulet of Red Wine {rElec rC+ Regen+ Int-4}
   (You acquired it on level 5 of the Realm of Zot)

   [amulet of regeneration]

   It affects your intelligence (-4).
   It protects you from cold.
   It insulates you from electricity.
   It increases your rate of regeneration.
 L - the ring of Beorph (left hand) {rElec rF+ rCorr SInv Stlth-}
   (You found it on level 9 of a ziggurat)

   [ring of resist corrosion]

   It protects you from fire.
   It insulates you from electricity.
   It lets you see invisible.
   It provides partial protection from all sources of acid and corrosion.
   It makes you less stealthy.
Wands
 D - a wand of clouds (6)
 F - a wand of disintegration (15)
 N - a wand of enslavement (8)
 Q - a wand of digging (16)
 U - a wand of paralysis (16)
Scrolls
 l - 11 scrolls of magic mapping
 m - 3 scrolls of blinking {@r2}
 n - 37 scrolls of remove curse {@r4}
 s - 15 scrolls of teleportation {@r1}
 u - 7 scrolls of silence
 v - 4 scrolls of holy word
 A - 3 scrolls of summoning
 J - 15 scrolls of fog
 K - a scroll of identify {@r3}
 M - 8 scrolls of immolation
 X - a scroll of fear
Potions
 c - 6 potions of might
 e - 11 potions of flight
 g - 13 potions of curing {@q2}
 h - 19 potions of heal wounds {@q1}
 k - a potion of invisibility
 p - 6 potions of haste {@q4}
 C - 4 potions of resistance
 I - 4 potions of brilliance
 R - 9 potions of agility
 S - 3 potions of ambrosia
Miscellaneous
 o - a phial of floods
 P - a lamp of fire
 Z - a lightning rod (4/4)
Comestibles
 d - 33 rations

# ###..^.####.# #.#
#######.#.#.#####.######.#
.......#..#.#............#
#######.......###.######## #
###.#.### #.# # #.#.#######
## # #.....#PPP# #. #
###.###≈≈≈## ###. #.##..@..#
#... #.###♣.♣########## #...
#.# #'##........# #... ###
##.####.##.######.# #... ..#
##...)...##.# #.# #... #.#
###......####.#### #.# ###.
#.# #................# #.#
#.
..#####.##.....####.##.###.#
#. ........##.....#
#........# #.


There were no monsters in sight!

Vanquished Creatures
  2 pandemonium lords
  9 orbs of fire
  3 juggernauts (Depths:4)
  8 ancient liches
  A greater mummy (Zig:16)
  Frederick (Depths:3)
  3 curse toes
  8 Killer Klowns
  3 caustic shrikes
  The ghost of Geloitur the Imperceptible, a veteran SpEE of Dithmenos (Vaults:2)
  A profane servitor (Crypt:3)
  16 golden dragons
  Jory (Depths:5)
  2 bone dragons (Depths:5)
  3 electric golems
  2 Tzitzimimeh
  4 hellephants
  13 tentacled monstrosities
  29 Orb Guardians
  4 liches
  The ghost of Buwuth the Tortoise, an adept GrFi of Makhleb (Crypt:3)
  The ghost of Yga Pusyxe the Tortoise, an adept GrFi of Makhleb (Crypt:3)
  A quicksilver dragon (shapeshifter) (Zig:12)
  10 titans
  2 deep elf blademasters (Elf:3)
  8 quicksilver dragons
  2 deep elf master archers (Elf:3)
  15 ancient champions
  3 tentacled starspawn (Abyss:3)
  4 death cobs
  2 acid blobs (Depths:2)
  4 shadow dragons
  8 sphinxes
  Kirke (Spider:1)
  5 revenants
  3 thorn hunters
  Roxanne (D:15)
  5 nagarajas
  7 tengu reavers
  9 storm dragons
  10 draconian monks
  2 azure jellies
  7 frost giants
  4 deep elf sorcerers
  12 fire giants
  5 orc warlords
  9 ghost moths
  6 draconian knights
  5 draconian shifters
  5 draconian stormcallers
  15 draconian scorchers
  12 emperor scorpions
  2 iron dragons
  11 ghouls
  A deep elf elementalist (Elf:3)
  20 vault wardens
  21 stone giants
  A reaper (Crypt:3)
  The ghost of emiel the Bludgeoner, a journeyman OgWn of Okawaru (Lair:6)
  A curse skull (Zig:9)
  8 draconian annihilators
  14 ironheart preservers
  A war gargoyle (Vaults:5)
  30 very ugly things
  5 spriggan defenders
  A caustic shrike skeleton (Zig:16)
  9 entropy weavers
  An entropy weaver (shapeshifter) (D:14)
  12 green draconians
  10 vampire knights
  A black sun (D:2)
  2 lorocyprocas
  15 black draconians
  7 deep elf annihilators
  7 deep elf demonologists
  19 white draconians
  7 dire elephants
  18 red draconians
  12 purple draconians
  10 deep elf death magi
  Snorg (D:11)
  7 eidola
  5 spark wasps
  4 mummy priests
  8 yellow draconians
  7 statues (Depths:3)
  25 yaktaur captains
  A fire dragon (shapeshifter) (Depths:1)
  14 ettins
  21 fire dragons
  11 jiangshi
  9 ice dragons
  10 great orbs of eyes
  10 deep elf high priests
  The ghost of Shadow153 the Spear-Bearer, a journeyman MiFi of Okawaru (D:10)
  A hell beast (Depths:1)
  A rakshasa (Depths:3)
  23 hydras
  6 shambling mangroves
  41 vault guards
  6 spriggan air magi
  10 alligators
  An anaconda (Zig:15)
  6 catoblepae
  17 centaur warriors
  An anaconda (shapeshifter) (Zig:12)
  4 death knights
  5 deep troll shamans
  21 ogre magi
  7 tengu warriors
  5 spriggan berserkers (Depths:5)
  59 two-headed ogres
  A two-headed ogre (shapeshifter) (Vaults:3)
  A queen ant (Lair:5)
  A spectral storm dragon (Zig:7)
  4 naga sharpshooters (Zig:15)
  4 thrashing horrors (Abyss:3)
  11 vampire magi
  A death scarab (Zig:6)
  Urug (Orc:2)
  3 deep troll earth magi
  3 orc high priests
  6 soul eaters
  17 spriggans
  11 hell knights
  14 deep elf knights
  3 shock serpents (Zig:15)
  2 wretched stars (Abyss:3)
  A salamander mystic (Depths:1)
  2 golden dragon zombies
  5 glowing orange brains (shapeshifter)
  2 sixfirhies
  An iron troll (Depths:2)
  2 sea snakes (shapeshifter)
  An unseen horror (D:13)
  13 shadow wraiths
  41 skeletal warriors
  A spriggan druid (Swamp:1)
  10 flayed ghosts
  An unseen horror (shapeshifter) (Zig:12)
  2 death drakes (shapeshifter)
  An entropy weaver zombie (Crypt:1)
  A spectral spriggan (Zig:7)
  A sea snake (Zig:2)
  2 storm dragon skeletons
  3 glowing orange brains
  A swamp dragon (shapeshifter) (Zig:1)
  A lindwurm (shapeshifter) (Zig:1)
  17 deep trolls
  A harpy (shapeshifter) (Vaults:5)
  20 orc knights
  9 wizards
  4 harpies
  7 swamp dragons
  9 phantasmal warriors
  13 deep elf archers
  2 naga ritualists (Zig:15)
  55 ugly things
  17 orb spiders
  11 ironbrand convokers
  3 large abominations (Abyss:3)
  4 orc sorcerers
  28 wolf spiders
  11 oklob plants
  A fire giant zombie (Crypt:3)
  A stone giant zombie (Vaults:3)
  3 manticores
  2 shining eyes (shapeshifter)
  A human zombie (Vaults:3)
  47 deep elf magi
  7 necromancers
  A salamander (shapeshifter) (D:14)
  3 salamanders
  17 elephants
  3 cyclopes
  A manticore (shapeshifter) (Depths:4)
  20 moths of wrath
  A moth of wrath (shapeshifter) (Zig:13)
  A dire elephant zombie (Crypt:2)
  A sphinx skeleton (Crypt:2)
  A stone giant skeleton (Vaults:3)
  A merfolk siren (Zig:2)
  2 rust devils (Depths:1)
  16 vault sentinels
  A spiny frog (shapeshifter) (Depths:2)
  A guardian serpent (Zig:15)
  3 smoke demons
  4 apocalypse crabs (Zig:12)
  8 torpor snails
  20 black mambas
  The ghost of night the Caller, a novice BaSu of Sif Muna (D:6)
  A molten gargoyle (Depths:1)
  A storm dragon simulacrum (Vaults:1)
  27 spiny frogs
  6 naga magi (Zig:15)
  Psyche (D:8)
  A hellion (Abyss:3)
  3 orange demons
  A komodo dragon (shapeshifter) (Vaults:2)
  A black draconian zombie (Crypt:2)
  A rime drake (shapeshifter) (Vaults:3)
  10 rime drakes
  A death yak zombie (Crypt:3)
  A kobold demonologist (D:10)
  11 komodo dragons
  3 demonic crawlers
  58 yaktaurs
  A green draconian zombie (Crypt:1)
  2 hellwings
  2 tormentors
  The ghost of Borgoz the Slasher, a novice GrGl (D:5)
  An ancient zyme (Abyss:3)
  A death yak skeleton (Crypt:3)
  5 tengu conjurers
  2 efreet
  4 ice devils
  A yaktaur skeleton (Vaults:3)
  13 freezing wraiths
  7 guardian mummies
  A harpy zombie (Crypt:1)
  A red devil (Lair:6)
  A queen bee (shapeshifter) (Depths:2)
  2 merfolk (Zig:2)
  5 trolls
  24 jumping spiders
  The ghost of Error4North the Chopper, an amateur HOFi (D:4)
  9 tyrant leeches
  A polar bear (shapeshifter) (Depths:1)
  6 polar bears
  3 harpy skeletons (Crypt:3)
  A raiju (Abyss:3)
  33 hornets
  A meliai zombie (D:15)
  A hydra skeleton (Crypt:3)
  8 bog bodies
  41 slime creatures
  8 dream sheep
  20 hippogriffs
  A hippogriff (shapeshifter) (Vaults:1)
  A snapping turtle (shapeshifter) (Zig:12)
  A human simulacrum (Vaults:1)
  An elf zombie (Zig:6)
  24 blink frogs
  An ice dragon skeleton (Crypt:2)
  6 air elementals
  A shock serpent simulacrum (Crypt:2)
  5 flying skulls
  24 tarantellas
  53 redbacks
  5 shadows
  A tarantella (shapeshifter) (Vaults:3)
  An ushabti (Zig:6)
  7 wyverns
  A ynoxinul (Abyss:3)
  A redback (shapeshifter) (Vaults:2)
  2 spriggans (shapeshifter)
  42 yaks
  A fire bat (shapeshifter) (D:14)
  A wyvern (shapeshifter) (Depths:4)
  5 hogs (Spider:1)
  22 water elementals
  9 wraiths
  32 dancing weapons
  5 basilisks
  2 fire elementals
  3 chaos spawn
  5 swamp worm simulacra (Swamp:4)
  A catoblepas simulacrum (Crypt:2)
  16 vampire mosquitoes
  2 hungry ghosts
  4 nagas (Zig:15)
  19 insubstantial wisps
  19 swamp worms
  10 wargs
  A warg (shapeshifter) (Vaults:3)
  2 gelid demonspawn zombies
  6 soldier ants (Lair:5)
  20 water moccasins
  15 hydra simulacra (Swamp:4)
  7 hell hounds
  3 acid dragons
  A porcupine (shapeshifter) (Vaults:5)
  3 floating eyes
  10 swamp drakes
  Duvessa (D:6)
  35 orc warriors
  20 porcupines
  6 ice beasts
  5 sky beasts
  2 black bears
  A phantom (D:3)
  51 ogres
  5 necrophages
  A starcursed mass (Abyss:3)
  A swamp drake (shapeshifter) (Depths:3)
  7 boggarts
  28 centaurs
  20 wolves
  19 crocodiles
  A dream sheep skeleton (Crypt:1)
  A hippogriff zombie (Crypt:3)
  Blork the orc (D:5)
  22 bullfrogs
  12 big kobolds
  A fire crab zombie (Crypt:2)
  A human skeleton (Vaults:3)
  An earth elemental (Elf:2)
  A glowing shapeshifter simulacrum (Vaults:3)
  Dowan (D:6)
  A wyvern zombie (Crypt:3)
  3 water moccasin zombies (Ossuary)
  6 scorpions
  A yak zombie (Crypt:2)
  7 killer bees (D:8)
  2 wights (D:7)
  5 electric eels
  A wolf zombie (Crypt:1)
  2 spriggan skeletons
  5 howler monkeys
  4 crimson imps
  A bullfrog zombie (D:5)
  2 quasits
  3 centaur zombies
  22 orc priests
  A hound (D:14)
  34 orc wizards
  5 centaur skeletons
  7 jellies
  6 bullfrog skeletons
  5 iguanas
  29 worker ants
  A hell rat (Zig:14)
  A small abomination (Abyss:3)
  2 killer bee zombies
  4 big kobold zombies (Ossuary)
  A naga skeleton (Crypt:3)
  2 hound zombies
  A tengu skeleton (Crypt:1)
  A hound skeleton (D:8)
  5 mummies
  2 howler monkey zombies
  A worker ant zombie (D:10)
  4 gnolls (D:7)
  8 adders
  A howler monkey skeleton (D:11)
  A swamp drake skeleton (Crypt:1)
  5 shadow imps
  3 white imps
  An ufetubus (Abyss:3)
  7 oozes
  3 swamp drake simulacra (Swamp:4)
  5 adder zombies (Ossuary)
  An adder skeleton (D:7)
  3 worms
  2 dart slugs (D:1)
  7 leopard geckos
  73 orcs
  8 bats
  5 giant cockroaches
  9 goblins
  4 hobgoblins
  11 jackals
  4 quokkas
  A ball python (D:2)
  A dart slug zombie (Crypt:3)
  A frilled lizard (D:1)
  A goblin zombie (Crypt:2)
  2 hobgoblin zombies (Ossuary)
  16 kobolds
  A kobold zombie (Ossuary)
  10 orc zombies (Ossuary)
  A quokka zombie (D:7)
  6 rats
  A block of ice (Zot:5)
  22 briar patches (Swamp:3)
  A crawling corpse (Vaults:5)
  30 fire vortices
  A foxfire (Lair:5)
  A fungus (Lair:2)
  29 plants
  4 starspawn tentacles (Abyss:3)
  4 withered plants (Crypt:3)
2898 creatures vanquished.

Vanquished Creatures (collateral kills)
  2 tentacled monstrosities
  Jorgrun (D:15)
  A titan (Vaults:5)
  Asterion (Vaults:3)
  Gastronok (D:8)
  A shadow dragon (Vaults:5)
  Donald (Elf:1)
  A tengu reaver (Vaults:3)
  2 nagarajas (Zig:15)
  2 vault wardens
  A fire giant (Vaults:5)
  A revenant (Vaults:2)
  A frost giant (Vaults:2)
  3 emperor scorpions
  2 deep elf sorcerers
  A ghoul (Crypt:3)
  A deep elf elementalist (Elf:3)
  4 ironheart preservers
  A stone giant (Vaults:5)
  A very ugly thing (Vaults:4)
  3 entropy weavers
  A deep elf demonologist (Elf:3)
  A yellow draconian (Depths:5)
  A deep elf annihilator (Depths:3)
  A dire elephant (Zig:14)
  A white draconian (Zot:5)
  An ettin (Vaults:5)
  A statue (Depths:3)
  3 deep elf death magi
  A death ooze (Depths:2)
  2 yaktaur captains
  A deep elf high priest (Vaults:2)
  Harold (D:7)
  3 vault guards
  An ice dragon (Swamp:4)
  3 ogre magi
  A hydra (Swamp:1)
  A catoblepas (Lair:6)
  A shambling mangrove (Swamp:1)
  21 two-headed ogres
  3 centaur warriors
  An alligator (Swamp:3)
  A vampire mage (Depths:1)
  A soul eater (Zig:7)
  6 deep elf knights
  An orc high priest (Orc:1)
  5 skeletal warriors
  2 spriggan druids
  A deep troll (Vaults:2)
  3 deep elf archers
  A death drake (shapeshifter) (Vaults:5)
  2 orc knights
  An ironbrand convoker (Vaults:5)
  A necromancer (Vaults:3)
  6 orb spiders
  7 wolf spiders
  An oklob plant (Lair:5)
  8 ugly things
  13 deep elf magi
  2 vault sentinels
  A black mamba (shapeshifter) (Vaults:2)
  3 elephants (Lair:6)
  A naga mage (Zig:15)
  A torpor snail (Spider:2)
  2 spiny frogs
  A freezing wraith (Swamp:4)
  7 yaktaurs
  A guardian mummy (Zig:6)
  4 demonic crawlers
  5 jumping spiders
  3 tyrant leeches
  6 hornets
  An ettin zombie (Crypt:2)
  A merfolk (shapeshifter) (Elf:1)
  A dream sheep (Lair:6)
  7 slime creatures
  A stone giant simulacrum (Vaults:1)
  6 tarantellas
  17 redbacks
  A hog (shapeshifter) (Vaults:2)
  2 hogs (Spider:1)
  A vampire mosquito (Swamp:1)
  A yaktaur simulacrum (Vaults:3)
  2 swamp worms
  2 orc warriors (Orc:1)
  10 ogres
  2 centaurs (D:15)
  A gnoll sergeant (Orc:2)
  2 wights (D:7)
  An orc priest (Orc:1)
  3 mummies
  A shadow imp (D:13)
  10 orcs
  A briar patch (Swamp:1)
  3 crawling corpses
  2 plants (Lair:6)
  A starspawn tentacle (Abyss:3)
259 creatures vanquished.

Vanquished Creatures (others)
  A death cob (Zot:1)
  An ironheart preserver (Zig:13)
  2 deep elf annihilators (Depths:3)
  2 vault guards
  A shadow wraith (Vaults:1)
  A wizard (Depths:3)
  2 harpies (Vaults:5)
  3 deep elf magi
  2 ugly things (D:14)
  A vault sentinel (Vaults:5)
  A spiny frog (Swamp:1)
  A hippogriff (Lair:1)
  A redback (Spider:3)
  4 dancing weapons
  A vampire mosquito (Swamp:2)
  A swamp worm (Swamp:4)
  An orc warrior (Vaults:5)
  An ogre (Vaults:5)
  4 electric eels (Lair:2)
  A bullfrog skeleton (D:11)
  2 blocks of ice
  A briar patch (Swamp:1)
  5 bushes
  520 fire vortices
  121 foxfires
  44 fungi
  104 plants
  7 starspawn tentacles (Abyss:3)
  10 toadstools (Lair:3)
  8 withered plants (Crypt:3)
854 creatures vanquished.

Grand Total: 4011 creatures vanquished

Levels and vault maps discovered:
D:1:      tarquinn_simple_flora_water_e, layout_loops_corners,
          minmay_heptomino_w4
D:2:      layout_basic, grunt_temple_overflow_open, uniq_jessica
D:3:      layout_basic, first_ration, minmay_diced_spiral
D:4:      layout_loops_ring, nicolae_ru_path_of_blood, minmay_temple_entry_tees,
          gammafunk_ghost_grave
D:5:      layout_gridville, lemuel_doored_altar, lightli_temple_of_fire,
          hellmonk_ghost_happy_afterlife, nicolae_ossuary_entry_plus,
          minmay_manual_mess, uniq_blork_the_orc
D:6:      layout_rooms, ebering_ghost_rock_garden, uniq_duvessa
D:7:      layout_basic, uniq_harold
D:8:      layout_cave_pods, palyth_temple_overflow_mages,
          hangedman_pestilent_swarm, uniq_gastronok, uniq_psyche
D:9:      layout_layer_cave, kennysheep_mini_moat, marbit_many_paths,
          serial_shops, shop
D:10:     layout_gridville, orc_0_dummy, gammafunk_ghost_nasty_kobolds,
          serial_shops, nicolae_shop_stone, nemelex_xobeh_ov_fountains_minmay
D:11:     layout_loops_ring, minmay_lair_entry_grove, serial_shops, shop,
          uniq_snorg
D:12:     layout_stronghold, serial_shops, nicolae_shop_statue_plus,
          chequers_jeans
D:13:     minmay_glassy_protrusions, layout_rooms
D:14:     minmay_sliced_demisemicircle, layout_basic, erik_vaults_2,
          item_on_display_a
D:15:     hangedman_depths_entry_try_elsewhere_first, layout_irregular_city,
          cheibriados_altar_1, nicolae_trove_entry_columns, uniq_jorgrun,
          uniq_roxanne
Temple:   minmay_freezing_vapour_temple
Lair:1:   layout_cave_pods, lemuel_oklob_altar
Lair:2:   layout_chaotic_city, minmay_swamp_entry_eels, spider_nest_entry_a,
          gammafunk_lair_bear_cave
Lair:3:   gammafunk_lair_enchanted_lake, layout_chaotic_city,
          serial_bayou_shore_a
Lair:4:   layout_small_grid, grunt_megastairs_4, wad_woods_river_01
Lair:5:   layout_big_grid, nicolae_slime_entry_slimehenge,
          minmay_another_anthill, minmay_lair_oklob_chamber, grunt_megastairs_5
Lair:6:   evil_forest, layout_cave_pods, portal_ice_cave_rime,
          hellmonk_ghost_happy_afterlife, gauntlet_entry_generic, serial_forest,
          infiniplex_forest_split, infiniplex_forest_end_1,
          infiniplex_forest_clump_curved, infiniplex_forest_lined_corner,
          infiniplex_forest_clump_large, infiniplex_forest_clump_small,
          infiniplex_forest_clump_tiny, lemuel_fruit_tree
Swamp:1:  layout_falls_marsh, nicolae_swamp_very_dense_foliage
Swamp:2:  layout_basic_swamp, serial_swamp_ruin, evilmike_swamp_ruin_house_2,
          evilmike_swamp_ruin_house_5
Swamp:3:  gammafunk_worm_tunnel, layout_basic_swamp,
          nicolae_swamp_trees_clearing, swamp_pool1
Swamp:4:  swamp_icy, layout_basic_swamp
Spider:1: nicolae_spider_corner, nicolae_spider_webs_and_nodes, drop_trap,
          uniq_kirke
Spider:2: layout_spider_delve, drop_trap
Spider:3: layout_spider_delve
Spider:4: grunt_spider_rune_circles
Orc:1:    layout_diamond_mine, basic_altar, serial_shops, shop
Orc:2:    st_orc_ogre_mass, layout_caves, sword_in_stone
Elf:1:    layout_onion_city, serial_shops, nicolae_shop_crystal, uniq_donald
Elf:2:    layout_geoelf_diagonals
Elf:3:    elf_hall_gauntlet_wide, layout_rooms, hex_intersection,
          corner_web_ring
Vaults:1: nicolae_vaults_back_hallway, vaults_standard_mumra_lines,
          vaults_dpeg_encased_lava, vaults_room_grid,
          hangedman_vaults_stretched_pinwheel, v_misc_15,
          ontoclasm_vaults_gateway, vaults_room_grunt_arrival_ludios,
          layout_vaults_omnigrid
Vaults:2: biasface_vaults_ghost_orc_armoury, v_misc_12, nicolae_vaults_asterisk,
          st_greater_box_2, minmay_crypt_entry_simple_corners,
          nicolae_vaults_twisting_passages, v_alt_pattern_4,
          nicolae_vaults_network_quinsquares
          [nicolae_vaults_network_quincunx_subvault,
          nicolae_vaults_network_quincunx_subvault,
          nicolae_vaults_network_quincunx_subvault,
          nicolae_vaults_network_quincunx_subvault], vaults_room_door_hall,
          nicolae_vaults_border_crossing, hangedman_vaults_maws,
          nicolae_vaults_asterisk, layout_vaults_big_cross, serial_shops,
          nicolae_shop_crystal
Vaults:3: vaults_room_octagon, ontoclasm_vaults_misaligned,
          hangedman_vaults_restitches, vaults_room_hangedman_quadrants,
          v_pattern_2, vaults_standard_mumra_x, vaults_mumra_chevron,
          hangedman_vaults_capsules, nicolae_vaults_asterisk,
          nicolae_vaults_gold_heap, vaults_room_hallway, v_misc_1,
          nicolae_vaults_network_star, ontoclasm_vaults_decontamination,
          layout_vaults_maze_snakey, uniq_asterion
Vaults:4: vaults_room_fancy_cross, ontoclasm_vaults_ring_large,
          grunt_vaults_trifunnel, ontoclasm_vaults_twist, grunt_vaults_funnel,
          vaults_mumra_hexcomb, vaults_mumra_lcd, grunt_vaults_bifocal,
          v_alt_pattern_4, ontoclasm_vaults_fault,
          nicolae_vaults_little_squares_6, v_misc_26, vaults_room_hallway,
          hangedman_vaults_snaps, layout_vaults_omnibox
Vaults:5
Crypt:1:  layout_catacombs, basic_altar, minmay_misc_feat_hallway,
          grunt_crypt_arrival_split, roderic_lattice_octagonal_star
Crypt:2:  layout_gridlike, serial_corexii_hall, corexii_hall_statues_t,
          corexii_hall_statues_l, chequers_hall_statues_corner_a,
          corexii_hall_statues_u, st_stairs_7, corexii_hall_statues_deadend,
          serial_sigils_hangedman_etch
Crypt:3:  lightli_unholy_cathedral, layout_chaotic_city,
          tomb_entry_forgotten_bobbens, gammafunk_ghost_cemetery
Depths:1: layout_roguey, rand_demon_pan_entry_5, nicolae_lava_and_water,
          hell_entry, water_maze_lemuel, firewood_loft
Depths:2: gammafunk_jiyva_shrine, layout_small_grid, serial_shops, shop,
          hell_entry, infiniplex_staircase_split_hallway
Depths:3: evilmike_halls_of_destruction, layout_cave_shapes, enter_ziggurat_b,
          serial_bayou, serial_bayou_ford_a, serial_bayou_pond_c,
          serial_bayou_lagoon_a, serial_bayou_pond_d, grunt_hell_entry_dis_mu,
          rand_demon_pan_entry_3, argonaut_fire_from_heaven
Depths:4: cell_vault, layout_basic, hell_entry, abyss_entry_flame_altar,
          nicolae_blasting_shop
Depths:5: grunt_zot_entry_alcove, layout_long_grid, hangedman_tar_grid_catacomb,
          nicolae_sextant, serial_bayou_shore_b, uniq_jory
Zot:1:    layout_basic
Zot:2:    layout_onion
Zot:3:    layout_gridlike
Zot:4:    layout_twisted_circle
Zot:5:    layout_gridlike, guppyfry_library_mini


Message History

Vehumet accepts your kill.
You feel your power returning.
Evoke which item? (* to show all) (? for menu, Esc to quit)
Aiming: Dig
Press: ? - help, Shift-Dir - straight line A rock wall.
This square is covered in magical glow.
You feel a surge of power!
The rock shatters into small pieces.
(D) Dungeon (T) Temple (L) Lair (S) Swamp (N) Spider Nest (M) Slime Pits (O) Orcish Mines (E) Elven Halls (V) Vaults (C) Crypt (W) Tomb (U) Depths (H) Hell (Z) Zot
Where to? (Enter - D:1 @ (x,y), ? - help)
There is a stone staircase leading up here.
You climb upwards.
There is a stone staircase leading down here.
Magic restored.
There is an open door here.
There is a staircase leading out of the dungeon here.
You have escaped!

Notes
Turn   | Place    | Note
-------+----------+-------------------------------------------
     0 | D:1      | bmfx the Ogre Enchanter began the quest for the Orb.
     0 | D:1      | Reached XP level 1. HP: 16/16 MP: 3/3
    72 | D:1      | Reached skill level 1 in Short Blades
   171 | D:1      | Reached skill level 1 in Fighting
   171 | D:1      | Reached XP level 2. HP: 10/27 MP: 0/5
   224 | D:1      | Learned a level 2 spell: Ensorcelled Hibernation
  1361 | D:1      | Reached XP level 3. HP: 35/35 MP: 5/7
  1746 | D:1      | nice jewels
  2232 | D:2      | Learned a level 3 spell: Confuse
  2568 | D:2      | Found a white marble altar of Elyvilon.
  2574 | D:2      | Found an ornate altar of the Wu Jian Council.
  2577 | D:2      | Found a bloodstained altar of Trog.
  2728 | D:2      | Reached skill level 3 in Spellcasting
  2832 | D:3      | Reached XP level 4. HP: 44/44 MP: 8/8
  3903 | D:4      | Found a runed translucent door.
  3905 | D:4      | Noticed Error4North's ghost (amateur HOFi)
  4077 | D:4      | Found a staircase to the Ecumenical Temple.
  4086 | Temple   | Entered the Ecumenical Temple
  4120 | D:4      | Found a sacrificial altar of Ru.
  4258 | D:4      | Reached XP level 5. HP: 30/53 MP: 0/9
  5165 | D:5      | Entered Level 5 of the Dungeon
  5184 | D:5      | Reached XP level 6. HP: 57/62 MP: 2/11
  5272 | D:5      | Noticed a phantom
  5273 | D:5      | Noticed an ice beast
  5378 | D:5      | Found a sand-covered staircase.
  5384 | Ossuary  | Entered an ossuary
  5676 | Ossuary  | Learned a level 3 spell: Tukima's Dance
  5946 | Ossuary  | Reached skill level 5 in Fighting
  6077 | Ossuary  | Reached XP level 7. HP: 55/72 MP: 9/12
  6515 | D:5      | Found a runed translucent door.
  6515 | D:5      | Noticed Borgoz's ghost (novice GrGl)
  6523 | D:5      | Noticed Blork the orc
  6889 | D:5      | Found an opulent altar of Gozag.
  7661 | D:5      | Reached skill level 5 in Hexes
  8146 | D:6      | Noticed Duvessa
  8346 | D:6      | Reached XP level 8. HP: 83/83 MP: 6/13
  8402 | D:6      | Found a runed translucent gate.
  8402 | D:6      | Found a runed translucent gate.
  8507 | D:5      | Killed Blork the orc
  8672 | D:5      | Found a burning altar of Makhleb.
  8736 | D:6      | Noticed night's ghost (novice BaSu)
  8737 | D:6      | Found a runed translucent gate.
  8737 | D:6      | You fall into a shaft and drop 2 floors!
  8880 | D:8      | Noticed Gastronok
  8887 | D:9      | Found Gaext's Assorted Antiques.
  8899 | D:9      | Learned a level 1 spell: Confusing Touch
  8904 | D:9      | Bought a curved bone wand for 104 gold pieces
  9104 | D:9      | Found a stormy altar of Qazlal.
  9277 | D:9      | Reached skill level 1 in Evocations
  9394 | D:9      | Noticed a yak
  9395 | D:9      | Noticed a yak
  9395 | D:9      | Noticed a yak
  9419 | D:8      | Noticed Psyche
  9576 | D:7      | Reached skill level 4 in Spellcasting
  9630 | D:7      | Noticed Harold
 10330 | D:7      | Reached XP level 9. HP: 91/92 MP: 13/16
 10382 | D:7      | Reached skill level 5 in Spellcasting
 11964 | D:6      | Reached skill level 5 in Evocations
 13894 | D:8      | Reached XP level 10. HP: 79/101 MP: 10/17
 14413 | D:8      | Killed Psyche
 14591 | D:8      | Found an ancient bone altar of Kikubaaqudgha.
 14816 | D:8      | Found a shimmering blue altar of Sif Muna.
 14827 | D:8      | Found a radiant altar of Vehumet.
 14830 | D:8      | Identified Vehumet's Papyrus of Arcane Weapons
 14832 | D:8      | Became a worshipper of Vehumet
 14835 | D:8      | Learned a level 1 spell: Foxfire
 15690 | D:8      | Reached skill level 5 in Short Blades
 16307 | D:9      | Reached * piety under Vehumet
 16307 | D:9      | Offered knowledge of Shock by Vehumet.
 16412 | D:9      | Found a basalt altar of Yredelemnul.
 16894 | D:10     | Entered Level 10 of the Dungeon
 16948 | D:10     | Found a sparkling altar of Nemelex Xobeh.
 16971 | D:10     | Found a staircase to the Orcish Mines.
 16998 | D:10     | Found a runed translucent gate.
 16999 | D:10     | Found a runed translucent gate.
 17000 | D:10     | Found a runed translucent gate.
 17003 | D:10     | Noticed Shadow153's ghost (journeyman MiFi)
 17009 | D:10     | Noticed a kobold demonologist
 17961 | D:10     | Found Zuoruff's Assorted Antiques.
 17966 | D:10     | Bought a scroll labeled XUPSOKKAMI for 33 gold pieces
 17966 | D:10     | Bought a scroll of teleportation for 99 gold pieces
 18206 | D:11     | Noticed a red ugly thing
 18519 | D:11     | Reached XP level 11. HP: 63/108 MP: 5/18
 18710 | D:11     | Reached skill level 1 in Conjurations
 19266 | D:11     | Killed a red ugly thing
 19283 | D:11     | Noticed Snorg
 19509 | D:11     | Found Cuakh's Antique Weapon Boutique.
 19509 | D:11     | Noticed a five-headed hydra
 19514 | D:11     | Killed a five-headed hydra
 19541 | D:11     | Reached ** piety under Vehumet
 19541 | D:11     | Offered knowledge of Magic Dart by Vehumet.
 19541 | D:11     | Reached skill level 5 in Conjurations
 19626 | D:11     | Noticed a white ugly thing
 19685 | D:11     | Found a staircase to the Lair.
 19988 | D:11     | Reached skill level 1 in Fire Magic
 21441 | Lair:1   | Entered Level 1 of the Lair of Beasts
 21441 | Lair:1   | Found a blossoming altar of Fedhas.
 21441 | Lair:1   | Noticed an oklob plant
 22039 | Lair:1   | Noticed a four-headed hydra
 22044 | Lair:1   | Killed a four-headed hydra
 22385 | Lair:1   | Offered knowledge of Mephitic Cloud by Vehumet.
 22862 | Lair:1   | Reached XP level 12. HP: 117/117 MP: 19/19
 23351 | Lair:1   | Upgraded the game from 0.25-a0-356-g7c9d860b3b to
                  | 0.25-a0-364-ge76b031baf
 23374 | Lair:1   | Reached skill level 5 in Stealth
 24879 | Lair:2   | Found a staircase to the Swamp.
 25052 | Lair:2   | Reached *** piety under Vehumet
 25219 | Lair:2   | Noticed a seven-headed hydra
 25226 | Lair:2   | Killed a seven-headed hydra
 25330 | Lair:2   | Found a hole to the Spider Nest.
 25368 | Lair:2   | Identified a scroll of acquirement
 25430 | Lair:2   | Reached skill level 1 in Shields
 27507 | Lair:3   | Noticed a seven-headed hydra
 27559 | Lair:3   | Killed a seven-headed hydra
 27814 | Lair:2   | Reached skill level 5 in Shields
 28302 | Lair:3   | Noticed a four-headed hydra
 28312 | Lair:2   | Reached XP level 13. HP: 96/123 MP: 13/20
 28623 | Lair:3   | Offered knowledge of Airstrike by Vehumet.
 28695 | Lair:3   | Learned a level 4 spell: Airstrike
 29201 | Lair:3   | Found a runed translucent door.
 31928 | Lair:5   | Found a staircase to the Slime Pits.
 31949 | Lair:5   | Reached **** piety under Vehumet
 32181 | Lair:4   | Offered knowledge of Iskenderun's Mystic Blast by Vehumet.
 32244 | Lair:5   | Reached skill level 6 in Spellcasting
 32277 | Lair:5   | Got an encrusted hand crossbow
 32278 | Lair:5   | Identified the +5 hand crossbow "Spider's Funeral" {freeze,
                  | rF+ SInv Stlth-} (You found it on level 5 of the Lair of
                  | Beasts)
 33009 | Lair:5   | Reached skill level 7 in Spellcasting
 33147 | Lair:5   | Noticed an entropy weaver
 33352 | Lair:5   | Killed an entropy weaver
 33467 | Lair:5   | Noticed an entropy weaver
 33482 | Lair:5   | Killed an entropy weaver
 33482 | Lair:5   | Reached skill level 8 in Spellcasting
 33798 | Lair:5   | Reached skill level 1 in Air Magic
 33798 | Lair:5   | Reached XP level 14. HP: 123/132 MP: 26/26
 34321 | Lair:6   | Entered Level 6 of the Lair of Beasts
 34416 | Lair:6   | Found a runed translucent door.
 34416 | Lair:6   | Noticed emiel's ghost (journeyman OgWn)
 34448 | Lair:6   | Found a gate leading to a gauntlet.
 34452 | Gauntlet | Entered a Gauntlet
 34452 | Gauntlet | Found a transporter.
 34452 | Gauntlet | Found a transporter.
 34579 | Gauntlet | Found a transporter.
 34581 | Gauntlet | Found a transporter.
 34582 | Gauntlet | Found a transporter.
 34582 | Gauntlet | Found a transporter.
 34614 | Gauntlet | Found a transporter.
 34618 | Gauntlet | Found a transporter.
 34626 | Gauntlet | Found a transporter.
 34642 | Gauntlet | Found a transporter.
 34659 | Gauntlet | Found a transporter.
 34660 | Gauntlet | Found a transporter.
 34664 | Gauntlet | Found a runed translucent door.
 34664 | Gauntlet | Found a runed translucent door.
 34897 | Gauntlet | Got a smoking jade amulet
 34898 | Gauntlet | Identified the amulet of Compulsion {rC+ Regen+} (You found
                  | it in a Gauntlet)
 35784 | D:6      | Noticed Dowan
 35788 | D:6      | Killed Duvessa
 35803 | D:6      | Killed Dowan
 35971 | D:7      | Killed Harold
 35971 | D:7      | Reached skill level 5 in Air Magic
 35973 | D:7      | Reached ***** piety under Vehumet
 36168 | D:8      | Learned a level 4 spell: Iskenderun's Mystic Blast
 36174 | D:8      | Learned a level 5 spell: Lightning Bolt
 36546 | D:11     | Killed Snorg
 37079 | D:12     | Found Hejumuf's Jewellery Emporium.
 37204 | D:12     | Offered knowledge of Freezing Cloud by Vehumet.
 37422 | D:12     | Reached skill level 1 in Armour
 40185 | D:13     | Learned a level 4 spell: Summon Lightning Spire
 40615 | D:14     | Reached skill level 1 in Summonings
 40729 | D:14     | Noticed an iron dragon
 40797 | D:14     | Noticed a fire giant
 41057 | D:14     | Killed a fire giant
 41157 | D:14     | Noticed a frost giant
 41228 | D:14     | Killed a frost giant
 41228 | D:14     | Reached XP level 15. HP: 85/140 MP: 2/27
 41235 | D:14     | Noticed a frost giant
 41757 | D:13     | Noticed a tengu reaver
 41921 | D:13     | Killed a tengu reaver
 42259 | D:14     | Reached skill level 9 in Spellcasting
 42442 | D:14     | Offered knowledge of Starburst by Vehumet.
 43478 | D:14     | Reached skill level 10 in Spellcasting
 43718 | D:14     | Found a gate to the Vaults.
 43899 | D:15     | Entered Level 15 of the Dungeon
 44383 | D:15     | Reached skill level 10 in Air Magic
 44941 | D:15     | Paralysed by a great orb of eyes for 6 turns
 45525 | D:15     | Noticed Jorgrun
 45696 | D:15     | Reached skill level 10 in Fighting
 45987 | D:15     | Found a staircase to the Depths.
 46068 | D:15     | Killed Jorgrun
 46291 | D:15     | Identified Roxanne's Papyrus of Moulding
 46291 | D:15     | Noticed Roxanne
 46360 | D:15     | Found a portal to a secret trove of treasure.
 46482 | Orc:1    | Entered Level 1 of the Orcish Mines
 46863 | Orc:1    | Reached XP level 16. HP: 158/158 MP: 25/30
 46922 | Orc:1    | Found Bagaps's General Store.
 46973 | Orc:1    | Found a roughly hewn altar of Beogh.
 47094 | Orc:1    | Bought a scroll of teleportation for 51 gold pieces
 47399 | Orc:1    | Reached skill level 5 in Dodging
 47782 | Orc:1    | Offered knowledge of Fireball by Vehumet.
 48063 | Orc:2    | Entered Level 2 of the Orcish Mines
 49172 | Orc:2    | Found a staircase to the Elven Halls.
 49342 | Orc:2    | Noticed Urug
 49357 | Orc:2    | Killed Urug
 50209 | Orc:2    | Reached skill level 11 in Spellcasting
 50433 | Orc:2    | Found Cugam's Antique Armour Emporium.
 50433 | Orc:2    | Found Nuaprito's Book Shop.
 50434 | Orc:2    | Found Fepieh's Antique Armour Boutique.
 50434 | Orc:2    | Found Weuc Yxu's Antique Armour Emporium.
 50443 | Orc:2    | Bought a book of the Sky for 910 gold pieces
 50449 | Orc:2    | Learned a level 5 spell: Fireball
 50765 | Orc:2    | Bought a book of Spatial Translocations for 910 gold pieces
 50768 | Orc:2    | Learned a level 2 spell: Blink
 51336 | Lair:5   | Reached skill level 1 in Translocations
 53153 | Lair:6   | Found a burning altar of Makhleb.
 54304 | Lair:6   | Reached ****** piety under Vehumet
 54764 | Lair:6   | Reached XP level 17. HP: 166/166 MP: 11/32
 54797 | Lair:6   | Offered knowledge of Iskenderun's Battlesphere by Vehumet.
 55183 | Lair:6   | Found a gateway to Hell.
 55193 | Lair:6   | Upgraded the game from 0.25-a0-364-ge76b031baf to
                  | 0.25-a0-365-g7600c65aa0
 55335 | Spider:1 | Entered Level 1 of the Spider Nest
 55729 | Spider:1 | Reached skill level 12 in Spellcasting
 57544 | Spider:1 | Noticed Kirke
 58300 | Lair:2   | Reached skill level 13 in Spellcasting
 58867 | Spider:1 | Noticed a sphinx
 59216 | Spider:1 | Killed Kirke
 61230 | Spider:3 | Reached skill level 10 in Conjurations
 61348 | Spider:3 | Offered knowledge of Iron Shot by Vehumet.
 62343 | Spider:4 | Entered Level 4 of the Spider Nest
 62949 | Spider:3 | Reached XP level 18. HP: 125/174 MP: 26/35
 63739 | Spider:4 | Offered knowledge of Spellforged Servitor by Vehumet.
 63804 | Spider:3 | Learned a level 7 spell: Spellforged Servitor
 63920 | Spider:4 | Reached skill level 14 in Spellcasting
 64779 | Swamp:1  | Entered Level 1 of the Swamp
 67845 | Swamp:2  | Offered knowledge of Orb of Destruction by Vehumet.
 68491 | Swamp:2  | Reached skill level 15 in Spellcasting
 69434 | Swamp:3  | Reached skill level 5 in Summonings
 69587 | Swamp:4  | Entered Level 4 of the Swamp
 69706 | Swamp:4  | Got ichor-stained gold dragon scales
 69717 | Swamp:4  | Identified the +8 gold dragon scales of the Black Moon
                  | {rPois rF+ rC+ Str+5 Int-2} (You acquired it on level 4 of
                  | the Swamp)
 69751 | Swamp:4  | Got a slimy hat
 69757 | Swamp:4  | Identified the -4 hat "Qicin" {*Drain rElec rC+ Str+3} (You
                  | acquired it on level 4 of the Swamp)
 70140 | Swamp:3  | Found a transporter.
 70158 | Swamp:3  | Offered knowledge of Fire Storm by Vehumet.
 70158 | Swamp:3  | Offered knowledge of Glaciate by Vehumet.
 70158 | Swamp:3  | Offered knowledge of Chain Lightning by Vehumet.
 70495 | Swamp:3  | Found a transporter.
 71652 | Swamp:3  | Got a fine jade ring
 71654 | Swamp:3  | Identified the ring "Xeeret" {Wiz rElec} (You found it on
                  | level 3 of the Swamp)
 71662 | Swamp:3  | Identified the +1 centaur barding "Hauxzem" {Str+4} (You
                  | found it on level 3 of the Swamp)
 72311 | Swamp:4  | Reached skill level 10 in Shields
 72977 | Swamp:4  | Reached XP level 19. HP: 182/182 MP: 21/38
 73826 | Swamp:4  | Got a decaying rune of Zot
 74049 | Vaults:1 | Entered Level 1 of the Vaults
 79441 | Vaults:2 | Found Wuot's Distillery.
 79445 | Vaults:2 | Bought a potion of heal wounds for 65 gold pieces
 79445 | Vaults:2 | Bought 2 potions of heal wounds for 130 gold pieces
 79445 | Vaults:2 | Bought a potion of brilliance for 52 gold pieces
 79445 | Vaults:2 | Bought a potion of agility for 52 gold pieces
 79445 | Vaults:2 | Bought a potion of agility for 52 gold pieces
 79445 | Vaults:2 | Bought a potion of haste for 130 gold pieces
 79445 | Vaults:2 | Bought a potion of invisibility for 104 gold pieces
 80102 | Vaults:2 | Reached XP level 20. HP: 191/191 MP: 39/39
 80115 | Vaults:2 | Found a staircase to the Crypt.
 80189 | Vaults:2 | Found a runed translucent gate.
 80190 | Vaults:2 | Found a runed translucent gate.
 80190 | Vaults:2 | Found a runed translucent gate.
 80191 | Vaults:2 | Noticed Geloitur's ghost (veteran SpEE)
 80197 | Vaults:2 | Identified the cursed +1 battleaxe of the Inferno {chop,
                  | MR+ Int+4}
 80197 | Vaults:2 | Identified the +2 plate armour "Faunne" {*Drain Int+6
                  | Dex+6}
 80199 | Vaults:2 | Identified the +9 double sword of Action {slice, Str+4}
 80199 | Vaults:2 | Identified the +3 plate armour of Puge {rC+ Dex+2 SInv}
 81030 | Vaults:2 | Reached skill level 15 in Shields
 82106 | Vaults:2 | Found a roughly hewn altar of Beogh.
 82143 | Vaults:2 | Found a staircase to the Crypt.
 82432 | Vaults:2 | Found Wuot's Distillery.
 83455 | Vaults:2 | Identified the Grimoire of Glacial Air
 83667 | Vaults:2 | Reached skill level 15 in Air Magic
 84489 | Vaults:2 | Killed Geloitur's ghost
 84881 | Vaults:2 | Identified the +1 hat of Altruism {Str+2 Dex+4} (You found
                  | it on level 2 of the Vaults)
 85106 | Vaults:3 | Noticed Asterion
 85112 | Vaults:3 | Killed Asterion
 86216 | Vaults:3 | Reached XP level 21. HP: 198/198 MP: 21/40
 89543 | Vaults:3 | Reached skill level 15 in Conjurations
 91776 | Vaults:4 | Identified the +0 hat of the Planets {rElec} (You found it
                  | on level 4 of the Vaults)
 92792 | D:8      | Killed Gastronok
 92896 | D:8      | Found an ancient bone altar of Kikubaaqudgha.
 92896 | D:8      | Found a shimmering blue altar of Sif Muna.
 92909 | D:8      | Found a radiant altar of Vehumet.
 93601 | Elf:1    | Entered Level 1 of the Elven Halls
 94259 | Elf:1    | Noticed Donald
 94267 | Elf:1    | Killed Donald
 94584 | Elf:1    | Found Maworghyg's General Store.
 94588 | Elf:1    | Bought the +1 cloak of the Boiling Point {rC++ MP+9 Dex-4}
                  | for 801 gold pieces
 94648 | Elf:1    | Reached XP level 22. HP: 206/206 MP: 37/41
 96320 | Elf:2    | Found a runed translucent gate.
 96343 | Elf:2    | Found a runed translucent gate.
 96344 | Elf:2    | Found a runed translucent gate.
 97358 | Elf:3    | Entered Level 3 of the Elven Halls
 98856 | Elf:3    | Identified the +5 long sword "Dovyrhug" {elec, Dex+5}
 99019 | Elf:3    | Identified the cursed +0 scale mail of Restlessness {Str+4
                  | Dex+4 Slay-4}
 99100 | Elf:3    | Identified the +2 leather armour of the Immovable Queens
                  | {+Fly Dex+2}
 99602 | Elf:3    | Identified the cursed +1 falchion of the End of Times
                  | {speed, *Drain +Rage rN+ Stlth+}
 99602 | Elf:3    | Identified the cursed +1 robe of Generosity {-Tele rC+++
                  | Str-4 Int+6}
100340 | Elf:3    | Learned a level 8 spell: Chain Lightning
100395 | Elf:3    | Learned a level 6 spell: Deflect Missiles
100665 | D:4      | Killed Error4North's ghost
100724 | D:5      | Killed Borgoz's ghost
100799 | D:6      | Killed night's ghost
100925 | D:10     | Killed Shadow153's ghost
101406 | Lair:6   | Killed emiel's ghost
101781 | D:14     | Got a brightly glowing ivory ring
101783 | D:14     | Identified the ring "Vaycopp" {*Corrode +Inv rC+ MR- SInv}
                  | (You found it on level 14 of the Dungeon)
102211 | D:14     | Found a gate to the Vaults.
102759 | D:15     | Found a snail-covered altar of Cheibriados.
102986 | D:15     | Killed Roxanne
103157 | Depths:1 | Entered Level 1 of the Depths
103162 | Depths:1 | Reached XP level 23. HP: 209/214 MP: 23/42
103674 | Depths:1 | Identified the +10 whip "Ihivvot" {holy, rPois MP+9}
104855 | Depths:1 | Found a one-way gate leading to the halls of Pandemonium.
105110 | Depths:1 | Reached skill level 5 in Fire Magic
106313 | Depths:2 | Found Uchemun's Book Shoppe.
106358 | Depths:2 | Found a transporter.
106358 | Depths:2 | Found a transporter.
106921 | Depths:3 | Noticed a caustic shrike
106925 | Depths:3 | Killed a caustic shrike
106925 | Depths:3 | Noticed a caustic shrike
107049 | Depths:3 | Noticed a caustic shrike
107188 | Depths:3 | Killed a caustic shrike
107188 | Depths:3 | Reached XP level 24. HP: 231/234 MP: 23/42
107490 | Depths:2 | Killed a caustic shrike
107888 | Depths:3 | Found a blossoming altar of Fedhas.
108354 | Depths:3 | Reached skill level 10 in Fire Magic
108661 | Depths:3 | Found a gateway to a ziggurat.
109697 | Depths:4 | Found a corrupted altar of Lugonu.
109701 | Depths:4 | Identified the Papyrus of Lucky Changing
109903 | Depths:4 | Found a one-way gate to the infinite horrors of the Abyss.
110232 | Depths:4 | Found Nopsat's Demolitions Depot.
111118 | Depths:4 | Reached skill level 15 in Fighting
111208 | Depths:4 | Noticed a juggernaut
111209 | Depths:4 | Paralysed by a lich for 3 turns
111764 | Depths:4 | Noticed a juggernaut
111766 | Depths:4 | Noticed a juggernaut
111767 | Depths:4 | Killed a juggernaut
112032 | Depths:4 | Killed a juggernaut
112189 | Depths:4 | Killed a juggernaut
112661 | Depths:4 | Learned a level 9 spell: Fire Storm
112662 | Depths:5 | Entered Level 5 of the Depths
112829 | Depths:5 | Noticed Jory
112832 | Depths:5 | Killed Jory
113137 | Depths:5 | Reached XP level 25. HP: 248/252 MP: 31/42
114262 | Depths:5 | Found a gate to the Realm of Zot.
114873 | Depths:5 | Identified the amulet "Acetumu" {Gourm rF+ rC+ Int+4 SInv}
115971 | Spider:4 | Reached skill level 15 in Fire Magic
116785 | Spider:4 | Got a gossamer rune of Zot
117160 | Crypt:1  | Entered Level 1 of the Crypt
117629 | Crypt:1  | Found an ancient bone altar of Kikubaaqudgha.
120490 | Crypt:3  | Entered Level 3 of the Crypt
121000 | Crypt:3  | Reached XP level 26. HP: 256/261 MP: 12/42
121400 | Crypt:3  | Noticed Buwuth's ghost (adept GrFi)
121401 | Crypt:3  | Found a runed translucent gate.
123477 | Crypt:3  | Found an ancient bone altar of Kikubaaqudgha.
123484 | Crypt:3  | Found a basalt altar of Yredelemnul.
123497 | Crypt:3  | Identified the amulet of Osetaz {Harm *Drain +Fly rElec
                  | rPois rC-} (You found it on level 3 of the Crypt)
123515 | Crypt:3  | Found the +4 dagger "Morg" {pain, MR+ Int+5}
123528 | Crypt:3  | Identified the +9 rapier of the Owl {pierce, rElec MR+ MP-9
                  | Int+4} (You found it on level 3 of the Crypt)
123663 | Crypt:3  | Found a staircase to the Tomb.
123766 | Crypt:3  | Found a runed translucent gate.
123766 | Crypt:3  | Found a runed translucent gate.
123768 | Crypt:3  | Noticed Yga Pusyxe's ghost (adept GrFi)
123785 | Crypt:3  | Killed Buwuth's ghost
123786 | Crypt:3  | Killed Yga Pusyxe's ghost
124121 | Vaults:5 | Entered Level 5 of the Vaults
125044 | Vaults:5 | Identified the amulet "Antu" {Gourm Int+2 Dex+4}
125159 | Vaults:5 | Identified the Handbook of Creative Glamour
125199 | Vaults:5 | Reached XP level 27. HP: 148/268 MP: 15/42
125289 | Vaults:5 | Cast into level 3 of the Abyss (a deep elf sorcerer)
125739 | Abyss:3  | Reached skill level 10 in Dodging
125758 | Vaults:5 | Escaped the Abyss
125759 | Vaults:5 | Noticed an ancient lich
125816 | Vaults:5 | Identified the cursed +0 morningstar "Grim" {vamp, MR-
                  | Dex+7}
125819 | Vaults:5 | Identified the +9 whip of Imbalance {slash, rC+ MR+ Int-2}
125824 | Vaults:5 | Reached skill level 16 in Spellcasting
125956 | Vaults:5 | Gained mutation: You are frail. (-10% HP) [mutagenic glow]
126239 | Vaults:5 | Reached skill level 17 in Spellcasting
126723 | Vaults:5 | Reached skill level 18 in Spellcasting
127449 | Vaults:5 | Killed an ancient lich
127560 | Vaults:5 | Reached skill level 19 in Spellcasting
128857 | Vaults:5 | Identified the Volume of Bewitchment and Augmentations
129064 | Vaults:5 | Found Matrin's Distillery.
129064 | Vaults:5 | Found Hoeshruy's Distillery.
129068 | Vaults:5 | Bought a potion of curing for 69 gold pieces
129068 | Vaults:5 | Bought a potion of brilliance for 92 gold pieces
129068 | Vaults:5 | Bought a potion of heal wounds for 115 gold pieces
129068 | Vaults:5 | Bought a potion of brilliance for 92 gold pieces
129068 | Vaults:5 | Bought a potion of heal wounds for 115 gold pieces
129068 | Vaults:5 | Bought a potion of haste for 230 gold pieces
129075 | Vaults:5 | Bought a potion of haste for 130 gold pieces
129075 | Vaults:5 | Bought a potion of curing for 39 gold pieces
129075 | Vaults:5 | Bought a potion of agility for 52 gold pieces
129075 | Vaults:5 | Bought a potion of curing for 39 gold pieces
129121 | Vaults:5 | Got a silver rune of Zot
129218 | Vaults:5 | Found Wipil's Food Shoppe.
129281 | Vaults:5 | Found Paixt's Weapon Boutique.
129750 | Depths:2 | Got a serpentine golden ring
129751 | Depths:2 | Identified the ring "Imeshono" {Wiz MR+} (You found it on
                  | level 2 of the Depths)
129777 | Depths:2 | Identified the +2 dagger of the New World {pierce, *Rage
                  | +Blink MR+ Int+6} (You found it on level 2 of the Depths)
129907 | Depths:3 | Identified Sif Muna's Grimoire of the Blaze
130118 | Depths:3 | Noticed Frederick
130121 | Depths:3 | Killed Frederick
130486 | Depths:3 | Found a radiant altar of Vehumet.
131204 | Zig:1    | Entered Level 1 of a ziggurat
131242 | Zig:2    | Entered Level 2 of a ziggurat
131282 | Zig:3    | Entered Level 3 of a ziggurat
131362 | Zig:4    | Entered Level 4 of a ziggurat
131455 | Zig:4    | Identified the +7 lajatang "Uttujyuff" {flame, +Blink SInv
                  | Stlth+} (You found it on level 4 of a ziggurat)
131457 | Zig:5    | Entered Level 5 of a ziggurat
131507 | Zig:6    | Entered Level 6 of a ziggurat
131573 | Zig:6    | Identified the Compendium of Transmigration
131756 | Zig:7    | Entered Level 7 of a ziggurat
131782 | Zig:7    | Reached skill level 20 in Spellcasting
131789 | Zig:8    | Entered Level 8 of a ziggurat
131860 | Zig:9    | Entered Level 9 of a ziggurat
131944 | Zig:9    | Got a translucent brass ring
131945 | Zig:9    | Identified the ring of Beorph {rElec rF+ rCorr SInv Stlth-}
                  | (You found it on level 9 of a ziggurat)
131971 | Zig:10   | Entered Level 10 of a ziggurat
131980 | Zig:10   | Found the +8 longbow "Zephyr" {speed, Dex+3 SInv}
132078 | Zig:10   | Got a bloodstained demon trident
132079 | Zig:10   | Identified the +11 demon trident "Goext" {freeze, *Rage
                  | Str+2 Int+3} (You found it on level 10 of a ziggurat)
132083 | Zig:11   | Entered Level 11 of a ziggurat
132151 | Zig:11   | Identified the +1 robe of the Guardian {rC+} (You found it
                  | on level 11 of a ziggurat)
132159 | Zig:11   | Got an ominously black robe
132210 | Zig:11   | Identified the +2 robe of Grace {rC++ MR- rCorr} (You found
                  | it on level 11 of a ziggurat)
132216 | Zig:12   | Entered Level 12 of a ziggurat
132223 | Zig:12   | Noticed Tuamna Wifiu the pandemonium lord
132233 | Zig:12   | Killed Tuamna Wifiu the pandemonium lord
132300 | Zig:12   | Got a brightly glowing golden ring
132301 | Zig:12   | Identified the ring of Coisecah {rC- MP+9 Str+4} (You found
                  | it on level 12 of a ziggurat)
132307 | Zig:12   | Got a warped robe
132308 | Zig:12   | Identified the cursed +1 robe of Love and Death {rF+} (You
                  | found it on level 12 of a ziggurat)
132316 | Zig:12   | Identified Sif Muna's Grimoire of Flames and Black Secrets
132322 | Zig:12   | Lost mutation: You are frail. (-10% HP) [potion of
                  | mutation]
132322 | Zig:12   | Gained mutation: Your magical capacity is low. (-10% MP)
                  | [potion of mutation]
132322 | Zig:12   | Gained mutation: You are frail. (-10% HP) [potion of
                  | mutation]
132322 | Zig:12   | Gained mutation: You have a pair of small horns on your
                  | head. [potion of mutation]
132322 | Zig:12   | Gained mutation: You expend magic power (3 MP) to
                  | strengthen your wands. [potion of mutation]
132323 | Zig:12   | Lost mutation: You have a pair of small horns on your head.
                  | [potion of mutation]
132323 | Zig:12   | Lost mutation: You are frail. (-10% HP) [potion of
                  | mutation]
132323 | Zig:12   | Lost mutation: Your magical capacity is low. (-10% MP)
                  | [potion of mutation]
132323 | Zig:12   | Gained mutation: You are frail. (-10% HP) [potion of
                  | mutation]
132323 | Zig:12   | Gained mutation: You have a pair of small antennae on your
                  | head. [potion of mutation]
132323 | Zig:12   | Gained mutation: Scrolls take you a little longer to read.
                  | [potion of mutation]
132323 | Zig:12   | Gained mutation: You are partially covered in yellow
                  | scales. (AC +2) [potion of mutation]
132337 | Zig:13   | Entered Level 13 of a ziggurat
132351 | Zig:13   | Noticed an ancient lich
132352 | Zig:13   | Killed an ancient lich
132357 | Zig:13   | Noticed an ancient lich
132360 | Zig:13   | Killed an ancient lich
132475 | Zig:13   | Identified the Volume of Venom
132535 | Zig:14   | Entered Level 14 of a ziggurat
132585 | Zig:14   | Learned a level 1 spell: Apportation
132652 | Zig:15   | Entered Level 15 of a ziggurat
132803 | Zig:15   | Learned a level 9 spell: Glaciate
132805 | Zig:16   | Entered Level 16 of a ziggurat
132829 | Zig:16   | Noticed a greater mummy
132833 | Zig:16   | Killed a greater mummy
133033 | D:15     | Lost mutation: You are frail. (-10% HP) [potion of
                  | mutation]
133033 | D:15     | Lost mutation: You are partially covered in yellow scales.
                  | (AC +2) [potion of mutation]
133033 | D:15     | Lost mutation: Scrolls take you a little longer to read.
                  | [potion of mutation]
133033 | D:15     | Gained mutation: You are partially covered in large bone
                  | plates. (SH +4) [potion of mutation]
133033 | D:15     | Gained mutation: You are partially covered in yellow
                  | scales. (AC +2) [potion of mutation]
134046 | D:15     | You paid a toll of a +11 demon trident to enter a treasure
                  | trove
134047 | Trove    | Entered a treasure trove
134064 | Trove    | Got a transparent diamond amulet
134065 | Trove    | Identified the amulet "Musalion" {Harm *Drain rElec MR++
                  | Str-2 Slay+6} (You found it in a treasure trove)
134083 | Trove    | Got a pitted brass ring
134084 | Trove    | Identified the ring "Plog" {+Inv MR++ MP-9 Dex+2 SInv} (You
                  | found it in a treasure trove)
134087 | Trove    | Got a smoking copper ring
134088 | Trove    | Identified the ring of the Will of the Gods {rN+++ Stlth+}
                  | (You found it in a treasure trove)
134101 | Trove    | Got an ancient bone ring
134102 | Trove    | Identified the ring "Furghy" {*Slow EV+3 Int+3 Dex+3
                  | Slay+2} (You found it in a treasure trove)
134105 | Trove    | Got a serpentine brass ring
134106 | Trove    | Identified the ring of Egalitarianism {*Slow rC+ rN+
                  | Stlth+} (You found it in a treasure trove)
134110 | Trove    | Got a coiled amethyst amulet
134112 | Trove    | Got a transparent lapis lazuli ring
134113 | Trove    | Identified the ring of Orthodoxy {rC+ Str+3 Int+2} (You
                  | found it in a treasure trove)
134423 | Depths:5 | Upgraded the game from 0.25-a0-365-g7600c65aa0 to
                  | 0.25-a0-366-g516bc45ae0
134424 | Zot:1    | Entered Level 1 of the Realm of Zot
135051 | Zot:1    | Reached skill level 5 in Ice Magic
135053 | Zot:1    | Noticed an orb of fire
135357 | Zot:1    | Identified the +7 mace of Recklessness {pain, rPois rN+
                  | MP+9}
135434 | Zot:1    | Gained mutation: You are frail. (-10% HP) [an orb of fire]
135445 | Zot:1    | Killed an orb of fire
136126 | Zot:2    | Reached skill level 10 in Armour
136929 | Zot:2    | Identified the amulet of Jampohabb {Reflect Int+4 Dex+4
                  | SH+4} (You found it in a treasure trove)
137812 | Zot:3    | Reached skill level 10 in Ice Magic
139296 | Zot:4    | Reached skill level 21 in Spellcasting
140618 | Zot:5    | Entered Level 5 of the Realm of Zot
141444 | Zot:5    | Reached skill level 22 in Spellcasting
142783 | Zot:5    | Noticed an orb of fire
142789 | Zot:5    | Killed an orb of fire
142809 | Zot:5    | Noticed an orb of fire
142993 | Zot:5    | Killed an orb of fire
143069 | Zot:5    | Noticed an orb of fire
143073 | Zot:5    | Killed an orb of fire
143144 | Zot:5    | Noticed an orb of fire
143147 | Zot:5    | Killed an orb of fire
143217 | Zot:5    | Identified the amulet of Red Wine {rElec rC+ Regen+ Int-4}
                  | (You acquired it on level 5 of the Realm of Zot)
143218 | Zot:5    | Identified the +5 large shield of Leaves {MR+ rCorr Int+3}
                  | (You acquired it on level 5 of the Realm of Zot)
143366 | Zot:5    | Noticed an ancient lich
143368 | Zot:5    | Killed an ancient lich
143368 | Zot:5    | Reached skill level 15 in Ice Magic
143473 | Zot:5    | Noticed an ancient lich
143668 | Zot:5    | Noticed an ancient lich
143670 | Zot:5    | Killed an ancient lich
143728 | Zot:5    | Noticed an ancient lich
143730 | Zot:5    | Killed an ancient lich
143736 | Zot:5    | Noticed an orb of fire
143741 | Zot:5    | Killed an orb of fire
143996 | Zot:5    | Killed an ancient lich
144209 | Zot:5    | Noticed an orb of fire
144216 | Zot:5    | Gained mutation: You are very frail. (-20% HP) [an orb of
                  | fire]
144217 | Zot:5    | Killed an orb of fire
144826 | Zot:5    | Noticed an orb of fire
144840 | Zot:5    | Killed an orb of fire
145033 | Zot:5    | Noticed an orb of fire
145038 | Zot:5    | Killed an orb of fire
145221 | Zot:5    | Noticed an ancient lich
145224 | Zot:5    | Killed an ancient lich
145904 | Zot:5    | Got the Orb of Zot
146144 | Depths:1 | Noticed Bomeqavi the pandemonium lord
146147 | Depths:1 | Killed Bomeqavi the pandemonium lord
146492 | D:$      | Escaped with the Orb!
